Map: Acropolis LE

Players

Rhizer

  • Race: Protoss Protoss
  • League: Grandmaster
  • Spawn Location: 5:00

Spy - Winner!

  • Race: Zerg Zerg
  • League: Master
  • Spawn Location: 11:00

VOD

Have the link to the VOD?

Description

A replay of Railgan's Ling nydus for a guide.

Time

  • Played on: Aug. 11, 2019, 2:16 a.m.
  • Length: 4:21
Show
View Real Time Build Order
Export as new Build Order

Rhizer Protoss 

Build Orders:  

Get SALT Encoding   

  12  0:00  Probe  
  13  0:12  Probe  
  14  0:20  Pylon  
  14  0:25  Probe  
  15  0:34  Probe  
  15  0:39  Gateway  
  15  0:42  Probe  
  16  0:48  Assimilator  
  17  0:52  Probe  
  18  1:05  Probe  
  19  1:18  Zealot  
  19  1:25  Gateway  
  19  1:26  Cybernetics Core  
  21  1:33  Pylon  
  21  1:37  Probe  
  21  1:44  Zealot  
  23  1:51  Probe  
  24  1:57  Assimilator  
  24  2:03  Probe  
  24  2:05  Warp Gate  
  25  2:11  Adept  
  25  2:15  Adept, Probe  
  30  2:24  Pylon  
  30  2:27  Probe  
  31  2:42  Sentry  
  33  2:53  Sentry  
  35  2:58  Nexus  
  35  3:09  Pylon  
  35  3:11  Probe  
  36  3:18  Stalker  
  38  3:23  Stalker  
  38  3:24  Probe  
  41  3:35  Robotics Facility  
  41  3:38  Probe  
  34  3:57  Zealot  
  34  4:02  Sentry  
Show
View Real Time Build Order
Export as new Build Order

Spy Zerg - Winner!

Build Orders: Pool Only 

Get SALT Encoding   

  12  0:01  Drone  
  13  0:08  Extractor  
  12  0:25  Spawning Pool  
  11  0:29  Drone  
  11  0:34  Drone  
  13  0:39  Drone  
  14  0:51  Overlord  
  14  1:11  Zergling x2  
  14  1:12  Zergling x2  
  14  1:13  Zergling x2  
  17  1:19  Queen  
  19  1:29  Metabolic Boost  
  19  1:41  Zergling x4  
  21  1:55  Lair  
  21  2:02  Overlord  
  21  2:12  Zergling x2  
  22  2:25  Zergling x2  
  22  2:26  Zergling x2  
  24  2:32  Zergling x2  
  24  2:33  Zergling x4  
  27  2:45  Zergling x2  
  28  2:53  Nydus Network  
  27  2:59  Overlord  
  27  3:08  Zergling x4  
  29  3:13  Zergling x2  
  31  3:20  Zergling x2  
  31  3:26  Zergling x2  
  32  3:30  Nydus Canal  
  32  3:37  Zergling x2  
  32  3:39  Zergling x2  
  34  3:53  Nydus Canal  
Tags
 
Add a new tag
Caveats
  • Supply blocks, unpowered buildings, or Contaminate may cause inaccurate times.
  • Supply counts are checked every 10 seconds.